 Dungeon Crawl Stone Soup version 0.31-a0-430-gf8416d752b (webtiles) character file.

Game seed: 9432227646121977158

1473 Ethylacetat the Ruffian (level 8, 0/55 HPs)
             Began as an Octopode Shapeshifter on July 31, 2023.
             Slain by a vampire mosquito (8 damage)
             ... on level 6 of the Dungeon.
             The game lasted 00:08:58 (4136 turns).

Ethylacetat the Ruffian (Octopode Shapeshifter)     Turns: 4136, Time: 00:08:59

Health: 0/55       AC:  1    Str: 15    XL:     8   Next: 78%
Magic:  8/8        EV: 14    Int: 10    God:
Gold:   399        SH:  0    Dex: 14    Spells: 7/7 levels left

rFire   + .          .
                       - Unarmed
rCold   + . .        (no shield)
rNeg    . . .        (helmet currently unavailable)
rPois   .            (no amulet)
rElec   .            f - ring of protection from cold
rCorr   .            h - ring of protection from fire
SInv    .            (no ring)
Will    .....        (no ring)
Stlth   ++           (no ring)
HPRegen 0.29/turn    (no ring)
MPRegen 0.11/turn    (no ring)
                     (no ring)

%: no passive effects
@: beast-form
A: beast (slay +4), almost no armour, amphibious, 8 rings, camouflage 1,
gelatinous body 1, (nimble swimmer 1), tentacles
a: Begin Untransformation


You were on level 6 of the Dungeon.
You were a hulking beast.
You visited 1 branch of the dungeon, and saw 6 of its levels.

You collected 399 gold pieces.

Inventory:

Missiles
 v - a throwing net
Jewellery
 f - a ring of protection from cold (left tentacle)
 h - a ring of protection from fire (right tentacle)
 w - a ring of protection from fire
Talismans
 b - a beast talisman (active)
 t - a blade talisman
Wands
 a - a wand of flame (6)
 o - a wand of iceblast (6)
Scrolls
 c - 2 scrolls of vulnerability {unknown}
 d - 2 scrolls of identify {unknown}
 g - a scroll of torment {unknown}
 i - a scroll of enchant weapon {unknown}
 k - a scroll of enchant armour {unknown}
 l - 4 scrolls of teleportation {unknown}
 n - 2 scrolls of noise {unknown}
 r - 3 scrolls of blinking {unknown}
 u - a scroll of acquirement {unknown}
Potions
 e - a potion of might {unknown}
 j - a potion of attraction {unknown}
 m - 3 potions of curing
 p - a potion of heal wounds {unknown}
 q - a potion of haste {unknown}
 s - a potion of experience {unknown}


   Skills:
 + Level 5.3 Fighting
 - Level 4.5 Dodging
 + Level 6.0 Unarmed Combat
 * Level 6.0 Shapeshifting


You had 7 spell levels left.
You didn't know any spells.
Your spell library contained the following spells:

 Spells                   Type           Power      Damage    Failure   Level
 Magic Dart               Conj           0%         1d3       36%         1
 Summon Small Mammal      Summ           0%         N/A       36%         1
 Call Imp                 Summ           0%         N/A       50%         2
 Ensorcelled Hibernation  Hex/Ice        0%         N/A       50%         2
 Passwall                 Tmut/Erth      0%         N/A       50%         2
 Call Canine Familiar     Summ           0%         N/A       75%         3
 Mephitic Cloud           Conj/Pois/Air  0%         N/A       75%         3
 Summon Guardian Golem    Hex/Summ       0%         N/A       75%         3
 Swiftness                Air            0%         N/A       75%         3


Dungeon Overview and Level Annotations

Branches:
Dungeon (6/15)
 Temple: D:4-7

Altars:
Wu Jian

Shops:
D:3 [   D:4 :=


Innate Abilities, Weirdness & Mutations

You are a hulking beast.
Your limbs bulge with bestial killing power. (Slay +4)
You cannot wear most types of armour.
You are amphibious.
You can wear up to eight rings at the same time.
Your skin changes colour to match your surroundings (Stealth+).
Your rubbery body absorbs attacks. (AC +1, EV +1)
((You are camouflaged when in or above water. (Stealth+)))
You have tentacles for arms and can constrict up to eight enemies at once.


Message History

No target in view!
An electric eel comes into view.
An electric eel comes into view.
The electric eel shoots out a bolt of lightning at you!
The bolt of electricity hits you!
Aiming: Throw Flame
Press: ? - help, Shift-Dir - straight line, f - electric eel
Aim: an electric eel (wandering, hasn't noticed you, 48% to hit)
The puff of flame misses the electric eel.
The electric eel shoots out a bolt of lightning at you!
The bolt of electricity misses you.
The electric eel is engulfed in a cloud of scalding steam.
The electric eel shoots out a bolt of lightning at you!
The bolt of electricity hits you!
Aiming: Throw Flame
Press: ? - help, Shift-Dir - straight line, f/p - electric eel
Aim: an electric eel (steam, heavily wounded, 48% to hit)
The puff of flame hits the electric eel!
You kill the electric eel!
Your Shapeshifting skill increases to level 6!
Aiming: Throw Flame
Press: ? - help, Shift-Dir - straight line, f - electric eel
Aim: an electric eel (48% to hit)
The puff of flame hits the electric eel.
The electric eel is lightly wounded.
The electric eel is engulfed in a cloud of scalding steam.
You bludgeon the vampire mosquito! You grab the vampire mosquito.
The vampire mosquito is heavily damaged.
You constrict the vampire mosquito. The vampire mosquito bites you.
The vampire mosquito draws strength from your injuries!
The vampire mosquito bites you!
The vampire mosquito draws strength from your injuries!
You tentacle-slap the vampire mosquito.
The vampire mosquito is heavily damaged.
You constrict the vampire mosquito. The vampire mosquito bites you!
* * * LOW HITPOINT WARNING * * *
The vampire mosquito draws strength from your injuries!
The electric eel shoots out a bolt of lightning at you!
The bolt of electricity misses you. The vampire mosquito bites you!
You die...

.....##.....#..###...#.......
###..........................
#.....<....................
##..#......#...#.#.#.#.#.#.
###..........................
#.....#......#...#.#.#.#.#...
...#..#......#.......#.#.#..
...#.†...........y.......#
~.....##....###.h###.......
≈.~........................
≈~.~... .#..###..###.#.#.#.
≈~~.P........ .... .........
≈≈≈P~~~. ..#..# #.#...#.
~≈≈≈≈~~P~ ...... .. ... §~
~§.. S~~~~.~~


You could see a vampire mosquito and an electric eel.

Vanquished Creatures
  Pikel (D:4)
  A vampire mosquito (D:6)
  A black bear (D:5)
  An ogre (D:5)
  A phantom (D:4)
  2 lemures (D:4)
  A scorpion (D:5)
  2 electric eels (D:6)
  A howler monkey (D:5)
  A hound (D:4)
  4 orc priests
  2 iguanas
  4 orc wizards
  8 adders
  An ufetubus (D:5)
  A worm (D:2)
  3 dart slugs
  19 orcs
  2 endoplasms
  5 giant cockroaches
  6 goblins
  3 hobgoblins
  8 jackals
  5 quokkas
  6 ball pythons
  A frilled lizard (D:1)
  2 kobolds
  4 rats
96 creatures vanquished.

Notes
Turn   | Place    | Note
-------+----------+-------------------------------------------
     0 | D:1      | Ethylacetat the Octopode Shapeshifter began the quest for
                  | the Orb.
     0 | D:1      | Reached XP level 1. HP: 13/13 MP: 1/1
   294 | D:1      | Reached XP level 2. HP: 18/18 MP: 2/2
   692 | D:1      | Reached XP level 3. HP: 23/23 MP: 3/3
  1230 | D:2      | Reached XP level 4. HP: 29/29 MP: 4/4
  1521 | D:3      | Reached XP level 5. HP: 32/35 MP: 5/5
  1579 | D:3      | Found an ornate altar of the Wu Jian Council.
  1706 | D:3      | Reached XP level 6. HP: 22/42 MP: 6/6
  2043 | D:3      | Found Noarog's Armour Shoppe.
  2381 | D:4      | Noticed Pikel
  2409 | D:4      | Killed Pikel
  2410 | D:4      | Reached skill level 5 in Unarmed Combat
  2410 | D:4      | Reached XP level 7. HP: 48/48 MP: 7/7
  2472 | D:4      | Found Xaxt's Self-Improvement Boutique.
  2695 | D:4      | Found Pebig's Jewellery Shop.
  2968 | D:4      | Reached XP level 8. HP: 46/54 MP: 8/8
  3135 | D:5      | Entered Level 5 of the Dungeon
  3187 | D:5      | Reached skill level 5 in Shapeshifting
  3724 | D:5      | Reached skill level 5 in Fighting
  4136 | D:6      | Slain by a vampire mosquito

Illustrated notes

Levels and vault maps discovered:
D:1:      roderic_dead_forest, layout_basic
D:2:      cheibrodos_old_hovel, layout_rooms
D:3:      layout_loops_ring, nicolae_wu_jian_wuxing_cycle, serial_shops,
          nicolae_shop_statue_plus, kennysheep_orc_chapel
D:4:      layout_basic, serial_shops, shop, amcnicky_mini_corridor_feature,
          nicolae_shop_self_help, uniq_pikel
D:5:      layout_basic, nicolae_elevator_lobby_plus
D:6:      layout_basic, chequers_big_river

Skill      XL: |  1  2  3  4  5  6  7  8 |
---------------+-------------------------+-----
Fighting       | 2 3 4 5 |  5.3
Dodging        | 3 4 |  4.5
Unarmed Combat | 4 5 6 |  6.0
Shapeshifting  | 4 6 |  6.0

Action                     |  1- 3 |  4- 6 |  7- 9 || total
---------------------------+-------+-------+-------++-------
  Melee: Unarmed           |    51 |    72 |    62 ||   185
         Constrict         |    21 |    19 |    21 ||    61
         Tentacles         |    10 |    12 |    16 ||    38
         Punch             |     1 |     3 |     2 ||     6
  Evoke: Wand              |       |       |    11 ||    11
    Use: Potion            |       |     3 |       ||     3
   Stab: Sleeping          |    13 |     6 |     5 ||    24
 Armour: Skin              |       |    14 |     1 ||    15
  Dodge: Dodged            |    18 |    27 |    25 ||    70

Table legend: (Time is in decaauts)
 A = Elapsed time spent in this place.
 B = Non-inter-level travel time spent in this place.
 C = Inter-level travel time spent in this place.
 D = Time resting spent in this place.
 E = Time spent auto-exploring this place.
 F = Levels seen in this place.
 G = Mean time per level.
                   A        B        C        D        E       F      G
               +--------+--------+--------+--------+--------+-----+--------+
         Total |   4119 |   3991 |    128 |    124 |   3223 |   6 |  686.5 |
       Dungeon |   4119 |   3991 |    128 |    124 |   3223 |   6 |  686.5 |
               +--------+--------+--------+--------+--------+-----+--------+

Top non-repeatable levels by time:
     D:3: 946 daAuts
     D:1: 834 daAuts
     D:5: 791 daAuts
     D:4: 784 daAuts
     D:2: 555 daAuts
     D:6: 206 daAuts
